 Dungeon Crawl Stone Soup version 0.28.0-53-g5a82cb258f (console) character file.

Game seed: 4614581055647620621

80 Faeu the Slasher (level 4, 0/39 HPs)
             Began as a Minotaur Fighter on May 28, 2022.
             Slain by a gnoll
             ... wielding a +0 spear
              (1 damage)
             ... on level 2 of the Dungeon.
             The game lasted 00:01:12 (1371 turns).

Faeu the Slasher (Minotaur Fighter)                 Turns: 1371, Time: 00:01:12

Health: 0/39       AC:  6    Str: 22    XL:     4   Next: 18%
Magic:  3/3        EV:  9    Int:  5    God:
Gold:   78         SH:  4    Dex: 10    Spells: 3/3 levels left

rFire   . . .      SeeInvis .   a - +0 long sword {long}
rCold   . . .      Faith    .   c - +0 buckler
rNeg    . . .      Spirit   .   b - +0 scale mail
rPois   .          Reflect  .   (helmet restricted)
rElec   .          Harm     .   (no cloak)
rCorr   .          Rampage  .   (no gloves)
Will    .....                   (no boots)
Stlth   ..........              (no amulet)
HPRegen 0.13/turn               (no ring)
MPRegen 0.08/turn               (no ring)

@: no status effects
A: horns 2, retaliatory headbutt
a: no special abilities


You were on level 2 of the Dungeon.
You visited 1 branch of the dungeon, and saw 2 of its levels.

You collected 78 gold pieces.


Innate Abilities, Weirdness & Mutations

You have a pair of horns on your head.
You reflexively headbutt those who attack you in melee.


   Skills:
 - Level 3.6 Fighting
 + Level 5.4 Long Blades
 - Level 3.6 Armour
 - Level 3.6 Shields


You had 3 spell levels left.
You didn't know any spells.
Your spell library was empty.

Inventory:

Hand Weapons
 a - a +0 long sword (weapon) {long}
Armour
 b - a +0 scale mail (worn)
 c - a +0 buckler (worn)
 m - a +1 leather armour of poison resistance
   (You found it on level 2 of the Dungeon)
Jewellery
 j - a ring of poison resistance
   (You found it on level 1 of the Dungeon)
Scrolls
 f - 3 scrolls of identify {unknown}
 g - a scroll of blinking {unknown}
 h - a scroll of fear {unknown}
Potions
 d - a potion of might
 e - a potion of attraction {unknown}
 i - 2 potions of brilliance {unknown}
 k - a potion of invisibility {unknown}
 l - 3 potions of heal wounds {unknown}

Dungeon Overview and Level Annotations

Branches:
Dungeon (2/15)

Altars:
Okawaru

...........# #..# #.#
...#.#####.#
#####..########.#
...#.#
#.#####...†..)........#
...#.##
#.......###..##########
..#...# ######### #..#
.#.###.# #..# ..##
###########..# ..#
)............# #.##
######.###### ##.###.#
#)# ......# #@# ##.####
#...gg..# #.# #....[..#
#.# #.......# #.#
.........# #.#
.##.......# #.## #
#.......# #..#
#.......# ##.#
###.######.#
#......>...#


You could see 2 gnolls.


Message History

😕 HP[-3]
You take 3 damage, and now have 26/31 hp.
You closely miss the jackal. Your headbutt misses the jackal.
You block the jackal's attack. The jackal barely misses you.
You closely miss the jackal. You block the jackal's attack.
You hit the jackal. You headbutt the jackal.
You kill the jackal!
The jackal bites you but does no damage.
Your Long Blades skill increases to level 5!
You slash the jackal!
You kill the jackal!
The jackal bites you. 😮 HP[-3]
You take 3 damage, and now have 23/31 hp.
You slash the jackal!
You kill the jackal!
You block the jackal's attack. 😕 HP[+1]
You hit the jackal. You block the jackal's attack.
You closely miss the jackal.
The jackal bites you but does no damage.
The jackal closely misses you. You furiously retaliate!
You headbutt the jackal, but do no damage.
You hit the jackal.
You kill the jackal!
Things that are here:
a jackal corpse; a jackal corpse
l - 3 lumpy ruby potions (gained 2)
You see here a +0 rapier {short}.
You see here a +0 rapier {short}. 2 gnolls and a ball python come into view.
The gnoll shouts!
The ball python hisses angrily.
An endoplasm comes into view.
The gnoll moves out of view.
An adder comes into view.
The adder hisses angrily.
A gnoll comes into view. It is wielding a +0 spear. 😎 HP[+7]
There are monsters nearby!
You slash the gnoll! You headbutt the gnoll.
You kill the gnoll!
You have reached level 4!
You feel agile. 😎 HP[+8] MP[+1]
You now have 39 max hp (+8).
Your mp is fully restored (3).
You block the ball python's attack. The ball python closely misses you.
The gnoll hits you from afar with a +0 spear.
Things that are here:
a +0 whip {mace}; a gnoll corpse; 😕 HP[-2]
You take 2 damage, and now have 37/39 hp.
You closely miss the ball python. The ball python barely misses you. x2
The gnoll barely misses you. 😕 HP[+1]
You closely miss the adder. You headbutt the adder.
The gnoll barely misses you. You block the adder's attack.
You block the gnoll's attack.
The gnoll hits you from afar with a +0 spear! 😕 HP[-7]
You take 7 damage, and now have 31/39 hp.
You slash the adder!
You kill the adder!
The gnoll hits you from afar with a +0 spear.
The ball python bites you. The ball python closely misses you.
The gnoll barely misses you. 😮 HP[-8]
You take 8 damage, and now have 23/39 hp.
MASSIVE DAMAGE!! (PAUSE)
You hit the ball python.
You kill the ball python!
The gnoll hits you from afar with a +0 spear.
The gnoll hits you but does no damage. 😮 HP[-1]
You take 1 damage, and now have 22/39 hp.
You hit the endoplasm. The gnoll hits you but does no damage.
The endoplasm closely misses you.
The gnoll hits you from afar with a +0 spear.
* * * LOW HITPOINT WARNING * * *
The gnoll barely misses you. 😨 HP[-3]
You take 3 damage, and now have 19/39 hp.
You hit the endoplasm but do no damage. You block the endoplasm's attack.
The gnoll closely misses you.
The gnoll hits you from afar with a +0 spear.
* * * LOW HITPOINT WARNING * * *
The endoplasm hits you but does no damage. 😨 HP[-3]
You take 3 damage, and now have 16/39 hp.
You slash the endoplasm!
You kill the endoplasm!
The gnoll hits you from afar with a +0 spear!
* * * LOW HITPOINT WARNING * * *
The gnoll hits you from afar with a +0 spear.
* * * LOW HITPOINT WARNING * * *
😱 HP[-12]
You take 12 damage, and now have 4/39 hp.
MASSIVE DAMAGE!! (PAUSE)
The gnoll hits you with a +0 spear.
* * * LOW HITPOINT WARNING * * *
The gnoll hits you with a +0 spear.
You die...

Skill      XL: |  1  2  3 |
---------------+----------+-----
Long Blades    | 3 4 5 |  5.4
Fighting       | |  3.6
Armour         | |  3.6
Shields        | |  3.6

Action                   |  1- 3 |  4- 6 || total
-------------------------+-------+-------++-------
Melee: Long sword        |    75 |     7 ||    82
       Headbutt          |     8 |     1 ||     9
Armor: Scale mail        |    38 |     3 ||    41
Dodge: Dodged            |    49 |    10 ||    59
Block: Buckler           |    20 |     4 ||    24

Levels and vault maps discovered:
D:1:      dpeg_arrival_solitude, layout_basic, chequers_ecumenical_altar_grove,
          amcnicky_mini_pool_small
D:2:      layout_loops_ring, basic_altar

Notes
Turn   | Place    | Note
-------+----------+-------------------------------------------
     0 | D:1      | Faeu the Minotaur Fighter began the quest for the Orb.
     0 | D:1      | Reached XP level 1. HP: 19/19 MP: 0/0
     0 | D:1      | magus.rc [v1.9.6]
   125 | D:1      | Reached skill level 3 in Long Blades
   227 | D:1      | Reached XP level 2. HP: 26/26 MP: 1/1
   426 | D:1      | Reached skill level 4 in Long Blades
   674 | D:1      | Found a faded altar of an unknown god.
   843 | D:2      | Reached XP level 3. HP: 31/31 MP: 2/2
  1099 | D:2      | Found an iron altar of Okawaru.
  1235 | D:2      | Reached skill level 5 in Long Blades
  1363 | D:2      | Reached XP level 4. HP: 39/39 MP: 3/3
  1370 | D:2      | HP: 4/39 [gnoll/+0 spear (6)]
  1371 | D:2      | HP: 1/39 [gnoll/+0 spear (3)]
  1371 | D:2      | Slain by a gnoll

Vanquished Creatures
  A gnoll (D:2)
  3 adders (D:2)
  2 dart slugs
  3 endoplasms
  3 giant cockroaches
  2 goblins (D:1)
  2 hobgoblins
  9 jackals
  A quokka (D:1)
  4 ball pythons
  3 bats (D:1)
  A frilled lizard (D:1)
  A kobold (D:2)
  3 rats (D:1)
38 creatures vanquished.

Table legend:
 A = Non-vault XP
 B = Vault XP
 C = Vault XP percentage of total XP
 D = Non-vault monster count
 E = Vault monster count
 F = Vault count percentage of total count
                 A         B        C        D         E       F
            +---------+---------+-------+---------+---------+-------
      Total |     115 |       0 |   0.0 |      38 |       0 |   0.0
            +---------+---------+-------+---------+---------+-------
        D:1 |      38 |       0 |   0.0 |      22 |       0 |   0.0
        D:2 |      77 |       0 |   0.0 |      16 |       0 |   0.0
            +---------+---------+-------+---------+---------+-------

Illustrated notes

Table legend:
 A = Kills in this place as a percentage of kills in entire the game.
 B = Kills by you in this place as a percentage of kills by you in the entire game.
 C = Kills by friends in this place as a percentage of kills by friends in the entire game.
 D = Other kills in this place as a percentage of other kills in the entire game.
 E = Experience gained in this place as a percentage of experience gained in the entire game.
 F = Experience gained in this place divided by the number of levels of this place that you have seen.
                   A       B       C       D       E      F
               +-------+-------+-------+-------+-------+----------------------
         Total | 100.0 | 100.0 |   N/A |   N/A | 100.0 |  57.5
       Dungeon | 100.0 | 100.0 |   N/A |   N/A | 100.0 |  57.5
               +-------+-------+-------+-------+-------+----------------------

Table legend: (Time is in decaauts)
 A = Elapsed time spent in this place.
 B = Non-inter-level travel time spent in this place.
 C = Inter-level travel time spent in this place.
 D = Time resting spent in this place.
 E = Time spent auto-exploring this place.
 F = Levels seen in this place.
 G = Mean time per level.
                   A        B        C        D        E       F      G
               +--------+--------+--------+--------+--------+-----+--------+
         Total |   1389 |   1372 |     17 |      0 |   1167 |   2 |  694.5 |
       Dungeon |   1389 |   1372 |     17 |      0 |   1167 |   2 |  694.5 |
               +--------+--------+--------+--------+--------+-----+--------+

Top non-repeatable levels by time:
     D:1: 847 daAuts
     D:2: 542 daAuts
